[Event "CCC-GM 2022"]
[Site "Ballerup"]
[Date "2022.05.25"]
[Round "1.1"]
[White "Olsen, Filip Boe"]
[Black "Haubro, Martin"]
[Result "0-1"]
[ECO "D02"]
[WhiteElo "2407"]
[BlackElo "2428"]
[Annotator "TA"]
[PlyCount "106"]
[EventDate "2022.05.25"]
[EventType "tourn"]
[EventCountry "DEN"]
[SourceTitle "playchess.com"]
[Source "ChessBase"]
[SourceQuality "1"]
[TimeControl "5400+30"]

1. d4 Nf6 2. Nf3 d5 3. Bf4 c5 4. e3 Nc6 5. Nbd2 Qb6 6. dxc5 {[%emt 0:00:22] D02: 1 d4 d5 2 Nf3 sidelines, including 2...Nf6 3 g3 and 2...Nf6 3 Bf4.} Qxb2 7. Rb1 Qc3 8. Bb5 {[%emt 0:00:31] The position is equal.} e6 {[%emt 0:02:03] 8...g6 gains popularity.} 9. O-O Be7 10. e4 O-O 11. e5 Nd7 12. Nb3 Qb4 (12... Ndxe5 $2 13. Nxe5 Nxe5 14. Bd2 Nf3+ 15. Qxf3 $18) (12... Nxc5 $2 13. Bd2 Ne4 14. Bxc3 $18) (12... Ncxe5 $2 13. Nxe5 Nxc5 14. Nxc5 Qxc5 15. Re1 $18) 13. Nfd4 Nxd4 $1 (13... Ndxe5 14. c3 Qxc3 15. Bd2 Qxd4 16. Nxd4 Nxd4 17. Ba4 $16) (13... Nxc5 $2 14. Bd2 Qa3 15. Bc1 (15. Nxc6 bxc6 16. Bxc6 Ba6 $14) 15... Qxa2 16. Ra1 Nxd4 17. Rxa2 $18) (13... Ncxe5 $2 14. c3 Qa3 15. Bc1 Qxa2 16. Rb2 Qxb2 17. Bxb2 $18) 14. Nxd4 Qxc5 15. Re1 Rd8 16. Rb3 Nf8 {[%emt 0:28:00] [#]} 17. Ree3 $146 (17. Rh3 $11) ({Predecessor:} 17. Rh3 f5 18. Be3 Qc7 19. f4 Bc5 20. Bd3 Qb6 21. Qa1 Bd7 22. Rb1 Qc7 23. Qc3 {½-½ (50) Obgolts,E (2437)-Oganian,M (2437) Sochi 2022}) 17... Ng6 $17 {[%emt 0:07:21] Black keeps a firm grip on the game.} 18. Rec3 Qb6 19. Be3 ({White should try} 19. Bg3) 19... Qa5 $1 (19... Nxe5 20. Nf5 $1 d4 21. Nxe7+ Kf8 22. Rd3 (22. Nxc8 $2 dxe3 23. Qf1 exf2+ 24. Qxf2 Qxf2+ 25. Kxf2 Raxc8 $19) 22... Nxd3 23. Bxd3 $14) 20. Bd2 {[%emt 0:07:33][%cal Oc3c8] [#]} Bb4 $1 ({Weaker is} 20... Qxa2 21. Rb1 (21. Rc7 a6 $17) 21... a6 22. Ra1 axb5 23. Rxa2 Rxa2 24. f4 $15) 21. Rxc8 Bxd2 22. Rxa8 Rxa8 23. Bd3 (23. Bf1 $17) 23... Bc3 24. Nf3 {[%emt 0:02:56] [#]} b6 ({Not} 24... Nxe5 25. Nxe5 Bxe5 26. Rxb7) 25. h4 Rc8 26. Qe2 $2 (26. a3 {keeps fighting.}) 26... Qxa2 27. g3 {[%emt 0:04:56] [#]} Nxe5 $1 28. Nxe5 {[%emt 0:02:12][%cal Od3h7] Black must now prevent Bxh7+!} Qa1+ 29. Kg2 {[%emt 0:00:40][%cal Od3h7] Strongly threatening Bxh7+!} Bxe5 30. Qf3 g6 31. h5 Bg7 32. Rb4 Qf6 33. Rf4 Qe7 34. Rh4 Rd8 35. Qg4 g5 36. Rh1 h6 37. Re1 e5 38. f3 (38. c4 $142) 38... Qd7 39. Bf5 (39. Qxd7 $142 Rxd7 40. c4) 39... Qc6 $19 40. Qb4 (40. Rd1 {might work better.}) 40... a5 41. Qb3 b5 42. Rd1 Bf6 43. Bd3 b4 {[%emt 0:00:31] And now ...e4 would win.} 44. Bf5 (44. Rf1 $142) 44... Kg7 45. Kh3 Qb5 46. Bd3 Qc5 {[%emt 0:01:18][%cal Oe5e4] aiming for ...e4!} 47. Bf5 {[%emt 0:00:11] Inhibits e4.} Qc3 $2 (47... e4 48. Qb1 exf3) 48. Qa4 $2 (48. Qxc3 bxc3 49. Ra1) 48... Qxf3 49. Bg4 Qf2 {[%emt 0:00:19] ...e4 is the strong threat.} 50. Qxa5 e4 {[%emt 0:01:20][%cal Of6e5,Be5e4,Be4d3][%mdl 32] ( -> ...Be5!)} 51. Rxd5 {[%emt 0:00:31] [#]} Be5 $1 52. Rd3 exd3 53. Qxe5+ Qf6 {[%emt 0:00:08] Weighted Error Value: White=0.33/Black=0.12 (very precise)} 0-1

[Event "CCC-GM 2022"]
[Site "Ballerup"]
[Date "2022.05.25"]
[Round "1.2"]
[White "Stefansson, Vignir Vatnar"]
[Black "Heimisson, Hilmir Freyr"]
[Result "1/2-1/2"]
[ECO "D30"]
[WhiteElo "2496"]
[BlackElo "2323"]
[Annotator "TA"]
[PlyCount "100"]
[EventDate "2022.05.25"]
[EventType "tourn"]
[EventCountry "DEN"]
[SourceTitle "playchess.com"]
[Source "ChessBase"]
[SourceQuality "1"]
[TimeControl "5400+30"]

1. d4 Nf6 2. c4 e6 3. Nf3 d5 4. Bg5 dxc4 5. Qa4+ Nbd7 6. Qxc4 b5 {[%emt 0:04:47] [#] D30: Queen's Gambit Declined: Systems without Nc3.} 7. Bxf6 $146 ({Predecessor:} 7. Qc6 Rb8 8. Bf4 Bb7 9. Qxc7 Bb4+ 10. Nbd2 Qe7 11. a3 Nd5 12. Qc2 Nxf4 13. axb4 O-O 14. e3 {0-1 (28) Ivanov,A-Firman,N (2476) Kharkov 2001}) 7... gxf6 8. Qc2 c5 9. e3 Qa5+ 10. Qd2 Qxd2+ 11. Nbxd2 a6 12. a4 bxa4 13. Bd3 cxd4 14. Nxd4 Nc5 15. Bc2 Bd7 (15... Rb8 $142 16. Rb1 e5) 16. O-O $17 Rb8 {[%emt 0:06:38] ...e5 is the strong threat.} 17. Rfb1 $1 Bd6 18. b4 axb3 19. N2xb3 Ke7 $36 {[%emt 0:03:36][%mdl 2048] Black is more active.} 20. Nxc5 Bxc5 {[%emt 0:00:18] A strong pair of Bishops.} 21. Nb3 (21. Rxb8 $11 Rxb8 22. Nb3) 21... Rhc8 {[%emt 0:02:03][%cal Oc5e3] White must now prevent ...Bxe3!} 22. Bd3 Bb5 $1 23. Bxb5 axb5 24. Kf1 b4 25. Rd1 Rb7 26. Ra6 Bb6 27. Ra4 Bd8 $1 28. Ke2 f5 29. Nd4 ({Better is} 29. Rd4 $1 $15) 29... Kf6 30. Rb1 Be7 31. Rb2 Rc3 32. Nc2 b3 33. Nd4 Bc5 34. Kd2 (34. Nf3 $17) 34... Bxd4 $19 35. Rxd4 {[%emt 0:00:21][%mdl 4096] Endgame KRR-KRR} (35. exd4 $142 Rbc7 36. Rb4) 35... Rbc7 {[%emt 0:00:08] Hoping for ...Rc2+.} 36. Ke1 e5 ({Avoid the trap} 36... Rc1+ $2 37. Rd1) 37. Rd1 {[%emt 0:01:31] [#]} e4 $1 38. Rdb1 Rb7 39. Kd2 Rd3+ 40. Ke2 Ke6 {[%emt 0:01:23] And now ...Kd6 would win.} 41. Rc1 {[%emt 0:00:01] [#]} Ra7 $2 (41... Rb5 $1 $19 {Threatens to win with ...Kd5.} 42. Rc6+ Ke5) 42. Rc5 $15 Rad7 ({Reject} 42... Ra2 43. Rxa2 bxa2 44. Ra5 $11) (42... Ra1 $15 43. Rb5 Ra3) 43. Rb5 $11 {[%emt 0:00:18] The position is equal.} Ra7 44. R5xb3 Rxb3 45. Rxb3 {[%emt 0:00:06] KR-KR} Ra2+ 46. Ke1 Kf6 47. h3 Ra1+ 48. Ke2 Ra2+ 49. Ke1 Ra1+ 50. Ke2 Ra2+ {[%emt 0:00:06] Whites escaped into a draw.  Weighted Error Value: White=0.15 (very precise) /Black=0.17 (very precise)} 1/2-1/2

[Event "CCC-GM 2022"]
[Site "Ballerup"]
[Date "2022.05.25"]
[Round "1.3"]
[White "Nielsen, Viktor Haarmark"]
[Black "Brondt, Nicolai Kvist"]
[Result "1/2-1/2"]
[ECO "B10"]
[WhiteElo "2323"]
[BlackElo "2241"]
[Annotator "TA"]
[PlyCount "118"]
[EventDate "2022.05.25"]
[EventType "tourn"]
[EventCountry "DEN"]
[SourceTitle "playchess.com"]
[Source "ChessBase"]
[SourceQuality "1"]
[TimeControl "5400+30"]

1. e4 c6 2. Nf3 d5 3. d3 Bg4 4. h3 Bxf3 5. Qxf3 e6 6. g3 {[%emt 0:01:12] B10: Caro-Kann: 2 d3 and 2 c4.} Nd7 7. Bg2 Ngf6 8. O-O {[%emt 0:01:20] White has an edge.} Bd6 9. Nc3 Qb6 {[%emt 0:03:06] [#]} 10. a4 $146 ({Predecessor:} 10. g4 h6 11. Qe2 dxe4 12. dxe4 e5 13. Rd1 Qc7 14. Qd3 Be7 15. Qg3 Bd6 16. b3 {½-½ (61) Motylev,A (2640)-Jaracz,P (2469) Lisbon 2020}) 10... a5 11. Kh1 O-O 12. Qe2 Qa6 13. Re1 Rfe8 14. Bg5 dxe4 15. Nxe4 Nxe4 16. Bxe4 Be5 17. c3 Bf6 18. Be3 Nb6 19. h4 Rad8 20. Qc2 Nd5 21. Bd2 Be7 22. d4 Nf6 23. Bd3 Qb6 24. Be3 Qc7 25. Bf4 Qb6 26. Be5 g6 27. Kg2 Nd7 28. h5 Nxe5 29. Rxe5 Kg7 (29... Bf6 $14) 30. Rh1 $16 Bf6 31. Re3 {[%emt 0:02:12] Rf3 is the strong threat.} Rd5 32. Rf3 (32. Bc4 $14) 32... Rxh5 $11 33. Rxh5 gxh5 34. Bxh7 Rh8 35. Bd3 h4 36. Qe2 {[%emt 0:02:46][%cal Of3f6] [#] Threatens to win with Rxf6!} Qd8 37. g4 h3+ 38. Rxh3 Rxh3 39. Kxh3 $14 {[%emt 0:00:08][%mdl 4096] Endgame KQB-KQB} Qh8+ 40. Kg2 {[%emt 0:00:10] Active counter play!} Qh6 41. Qe3 Qxe3 42. fxe3 {[%emt 0:00:02] KB-KB} b6 43. b4 c5 (43... Bh4 $16) 44. dxc5 $18 ({Don't play} 44. bxc5 $6 bxc5 45. dxc5 Kf8 $14) 44... Bxc3 45. cxb6 Bxb4 46. b7 Bd6 47. Kf3 {[%emt 0:02:24] Hoping for Ke4.} Kf8 $2 {[%emt 0:00:28][%mdl 8192] [#]} (47... f6 $16 48. Kg2 Kf8) 48. Ke4 $2 (48. Bc4 $1 $18 {and the rest is easy.} Ke7 49. g5) 48... Ke7 $2 (48... f6 $16) 49. Kd4 $2 (49. g5 $18) 49... Kd7 $16 50. Kc4 Kc6 51. Bh7 f6 52. Bg8 Kxb7 53. Kb5 Bb4 54. Bxe6 Kc7 55. Bf5 Kd6 56. Kc4 Ke5 57. Kb5 Kd6 58. Kc4 Ke5 59. Kb5 Kd6 {[%emt 0:00:06] Black defended with fortune.  Weighted Error Value: White=0.31/Black=0.21 (precise)} 1/2-1/2

[Event "CCC-GM 2022"]
[Site "Ballerup"]
[Date "2022.05.25"]
[Round "1.4"]
[White "Komarov, Dimitri"]
[Black "Brunello, Sabino"]
[Result "1/2-1/2"]
[ECO "D38"]
[WhiteElo "2493"]
[BlackElo "2521"]
[Annotator "TA"]
[PlyCount "103"]
[EventDate "2022.05.25"]
[EventType "tourn"]
[EventCountry "DEN"]
[SourceTitle "playchess.com"]
[Source "ChessBase"]
[SourceQuality "1"]
[TimeControl "5400+30"]

1. d4 Nf6 2. c4 e6 3. Nf3 d5 4. Nc3 Bb4 5. Bg5 h6 6. Bxf6 Qxf6 7. Qa4+ Nc6 8. e3 O-O {[%emt 0:00:08] D38: Queen's Gambit Declined: Ragozin Defence (4 Nf3 Bb4).} 9. Rc1 Rd8 10. Be2 dxc4 11. Qb5 Qe7 12. Bxc4 {[%emt 0:23:47] [#]} Bd7 $146 ({Predecessor:} 12... Na5 13. a3 Bd7 14. Qxb4 Qxb4 15. axb4 Nxc4 16. b3 Nd6 17. Ne5 a5 18. bxa5 Rxa5 {0-1 (35) Mamedyarov,S (2782)-Aronian,L (2782) chess24.com INT 2021}) 13. Qh5 Na5 14. Be2 c5 15. O-O cxd4 16. Nxd4 Rac8 17. Ne4 {[%emt 0:05:20] Hoping for a3.} Nc6 18. Nb3 Be8 19. Qh3 (19. a3 $11 {should be considered.}) 19... f5 ({Black should try} 19... a5 $15) 20. a3 $11 Bxa3 21. bxa3 {[%emt 0:00:17] aiming for Nec5.} fxe4 22. Nc5 Bf7 23. Qg3 {[%emt 0:16:25] Against Ne5} Kh7 (23... Rd2 $5 24. Bb5 Rd5 25. Bxc6 bxc6 26. Nxe4 c5 $11) 24. Nxe4 Bg6 25. Bf3 Rd5 26. h4 Qxa3 27. h5 Bf7 ({Don't play} 27... Bxh5 28. Nf6+ $1 gxf6 29. Bxd5 exd5 30. Qh3 $16) 28. Nc3 (28. Qf4 $11 Rf8 29. Qc7) 28... Rg5 $15 29. Qf4 (29. Qh2 $15 {deserves consideration.}) 29... Ne5 $1 $17 ({Much weaker is} 29... Bxh5 $6 30. Ne4 Rf5 31. Qd6 Qxd6 32. Nxd6 Bxf3 33. Nxf5 Bxg2 34. Kxg2 exf5 35. Rc5 $11) 30. Be4+ Kg8 31. Ne2 Rf8 32. Nd4 (32. Qh2 $17) 32... Bxh5 $2 ({Better is} 32... Be8 $19 33. Qh2 Rxf2 $3 ) 33. Qh2 $15 Bf7 34. Bxb7 Nd3 35. Rc7 e5 36. Nf3 (36. Rxf7 $5 Rxf7 37. Bd5 $15) 36... Rh5 37. Qg3 Qd6 {[%emt 0:00:47] Against Bd5} 38. Rc8 (38. Rxf7 $1 $11 Kxf7 39. Bc8) 38... Nc5 $1 $19 39. Rxf8+ Kxf8 (39... Qxf8 $19 40. Bc6 Qd6) 40. Bc8 (40. Ba8 $1 $15) 40... Ne4 $1 41. Qg4 {[%emt 0:00:07] [#]} Nf6 42. Qg3 Ne4 $2 (42... Bc4 $19 43. Nxe5 Qxe5 44. Qxe5 Rxe5) 43. Qg4 $15 Nf6 $40 {[%emt 0:00:02][%mdl 8320] Black has some attack.} (43... Nc3 $15 44. g3 e4) 44. Qg3 $19 a5 (44... Bc4 $142 45. Nxe5 Qxe5 46. Qxe5 Rxe5) 45. Bh3 Qc7 {[%emt 0:01:24] Against Rc1} 46. Nd4 Rg5 47. Qh2 Qd6 $2 (47... a4 $19 {Strongly threatening ...Qc3.} 48. Ne6+ Bxe6 49. Bxe6 Ke7) 48. Rc1 (48. Nf3 $11 {and White has nothing to worry.}) 48... Kg8 $2 (48... Qa3 $19 49. Rc8+ Ne8) 49. Nf3 (49. f4 $17 Ng4 50. Bxg4 Rxg4 51. fxe5 (51. Rc8+ $2 Kh7 $19)) 49... Rh5 50. Qg3 Kh7 51. Nh4 {[%emt 0:00:41] [#]} Qb4 $2 ({Black should play} 51... g6 $1 $19 {White must now prevent ...a4.} 52. Rb1 Qc6) 52. Bf5+ {[%emt 0:00:26] Weighted Error Value: White=0.47/Black=0.55} 1/2-1/2

[Event "CCC-GM 2022"]
[Site "Ballerup"]
[Date "2022.05.25"]
[Round "1.5"]
[White "Hacker, Jonas"]
[Black "Blomqvist, Erik"]
[Result "1/2-1/2"]
[ECO "B52"]
[WhiteElo "2396"]
[BlackElo "2523"]
[Annotator "TA"]
[PlyCount "63"]
[EventDate "2022.05.25"]
[EventType "tourn"]
[EventCountry "DEN"]
[SourceTitle "playchess.com"]
[Source "ChessBase"]
[SourceQuality "1"]
[TimeControl "5400+30"]

1. e4 c5 2. Nf3 d6 3. Bb5+ Bd7 4. Bxd7+ Qxd7 5. c4 Nc6 6. Nc3 Nf6 7. d4 cxd4 8. Nxd4 Qg4 9. Qxg4 Nxg4 10. Nxc6 bxc6 11. c5 {11.b3 is a critical line. B52: Sicilian: Moscow Variation with 3...Bd7.} (11. f4 $14) 11... dxc5 $11 12. Ke2 e6 {[%emt 0:03:26] [#]} 13. Bf4 $146 {[%emt 0:08:45][%mdl 1024] White has compensation.} ({Predecessor:} 13. Na4 Be7 14. f3 Ne5 15. Bf4 Nd7 16. Rac1 f5 17. exf5 exf5 18. Rhe1 O-O-O 19. Kf1 {1-0 (35) Oratovsky,M (2493)-Sande Edreira,J (2190) Balaguer 2001}) 13... f5 14. f3 (14. Rac1 {is interesting.} O-O-O 15. Be3 Kc7 16. Na4) 14... Nf6 15. Rac1 Be7 16. Rhd1 Kf7 17. Bd6 Rhd8 18. Bxe7 Kxe7 19. exf5 exf5 20. Rxd8 Rxd8 {[%emt 0:00:22][%mdl 4096] Endgame KRN-KRN} 21. Na4 Nd5 22. g3 {[%emt 0:01:34] Prevents Nf4+.} Rd6 23. Nxc5 Rh6 24. Rh1 g5 25. Nd3 Kd6 26. Kf2 a5 27. f4 gxf4 28. Nxf4 Nxf4 29. gxf4 Kd5 30. Kg3 $1 {[%emt 0:01:54] The position is equal.} c5 31. Rd1+ Ke4 32. Rc1 {[%emt 0:02:51] An even fight not without its subleties.  Weighted Error Value: White=0.06 (flawless) /Black=0.02 (flawless)} 1/2-1/2

[Event "CCC-GM 2022"]
[Site "Ballerup"]
[Date "2022.05.26"]
[Round "2.1"]
[White "Komarov, Dimitri"]
[Black "Nielsen, Viktor Haarmark"]
[Result "1-0"]
[ECO "E10"]
[WhiteElo "2493"]
[BlackElo "2323"]
[Annotator "TA"]
[PlyCount "71"]
[EventDate "2022.05.25"]
[EventType "tourn"]
[EventCountry "DEN"]
[SourceTitle "playchess.com"]
[Source "ChessBase"]
[SourceQuality "1"]
[TimeControl "5400+30"]

1. d4 Nf6 2. c4 e6 3. Nf3 d5 4. g3 Bb4+ 5. Bd2 Bd6 6. Bg2 {[%emt 0:00:29] E01: Catalan: Early deviations.} O-O 7. O-O c6 8. Bc3 $1 {[%emt 0:00:33][%mdl 4] The position is equal. is currently scoring better than 8.Qc2.} dxc4 9. a4 {[%emt 0:00:15] [#]} a5 $146 ({Predecessor:} 9... b5 10. axb5 cxb5 11. Nfd2 Nd5 12. e4 Nb6 13. e5 Bc7 14. Bxa8 Nxa8 15. Rxa7 Nb6 {1-0 (35) Bjerre,J (2506)-Moiseenko,A (2635) Douglas 2019}) 10. Nfd2 Ra6 11. Nxc4 Bc7 12. Qb3 {[%emt 0:03:52] Inhibits b5.} Nd5 13. Rd1 Bd7 ({Black should play} 13... b5 $14 14. axb5 a4) 14. e4 (14. Qxb7 $6 Nb6 15. Nxa5 (15. Bxa5 $2 Bc8 $19) 15... Bc8 16. Nxc6 Qd6 $11) 14... Nxc3 15. Nxc3 Bc8 16. e5 Qe7 (16... Ra7 $14) 17. Ne4 $16 Nd7 18. h4 {[%emt 0:10:05] White is much more active. The black rooks are badly placed.} h6 19. Qc2 f6 20. exf6 $1 gxf6 {[%emt 0:01:31] [#]} 21. Nc5 $1 Nxc5 22. dxc5 Qxc5 (22... Kg7 $16) 23. Qg6+ $18 Kh8 24. Qxh6+ Kg8 25. Qg6+ (25. Be4 $6 Qe7 $16) 25... Kh8 {[%emt 0:00:02] [#]} 26. Re1 $1 $40 {[%emt 0:02:48][%mdl 128] Black is in trouble. Dancing on a razor blade.} Qe7 {[%emt 0:04:00] [#]} (26... Bxg3 $2 27. Qh6+ Kg8 28. Re3 $18) 27. Bh3 $1 c5 28. Qh5+ Kg8 29. Re4 (29. Bf1 $18) 29... Rf7 (29... Qh7 $16 {was worth a try.} 30. Qxh7+ (30. Qxc5 $2 Qxe4 31. Bg2 Qh7 $19) (30. Rg4+ Kh8 $14) 30... Kxh7) 30. Rae1 {[%emt 0:03:55] Rg4+ is the strong threat.} ({Don't do} 30. Rg4+ Rg7 31. Rxg7+ Qxg7) 30... Rg7 31. Qe2 Kf7 (31... Qd7 $142 32. Bxe6+ (32. Rxe6 Rxe6 33. Bxe6+ Qxe6 $16) 32... Rxe6) 32. Bf5 (32. Qf3 Kg8 33. h5 Kh8 $18) 32... Bd7 33. b3 Bc8 (33... e5 $142) 34. Kh2 Qd7 $2 (34... Kg8 35. Kg2 (35. Bxe6+ Bxe6 36. Rxe6 Rxe6 $18) 35... Qe8 36. Bxe6+ Bxe6 37. Rxe6 Rxe6 38. Qxe6+ Qxe6 39. Rxe6 Kf7) 35. Qh5+ Kf8 36. Bxe6 {[%emt 0:00:40] Weighted Error Value: White=0.16 (very precise) /Black=0.29 (precise)} 1-0

[Event "CCC-GM 2022"]
[Site "Ballerup"]
[Date "2022.05.26"]
[Round "2.2"]
[White "Brondt, Nicolai Kvist"]
[Black "Stefansson, Vignir Vatnar"]
[Result "0-1"]
[ECO "A61"]
[WhiteElo "2241"]
[BlackElo "2496"]
[Annotator "TA"]
[PlyCount "114"]
[EventDate "2022.05.25"]
[EventType "tourn"]
[EventCountry "DEN"]
[SourceTitle "playchess.com"]
[Source "ChessBase"]
[SourceQuality "1"]
[TimeControl "5400+30"]

1. d4 Nf6 2. c4 e6 3. Nc3 c5 4. d5 d6 5. Nf3 exd5 6. cxd5 g6 7. Bf4 Bg7 $1 {[%emt 0:00:38][%mdl 4] outshines the older 7...a6.} 8. e3 {[%emt 0:01:39] A61: Modern Benoni: Nf3 without early e4.} O-O 9. h3 Na6 10. Be2 {[%emt 0:01:01] [#] White is slightly better.} (10. Bxa6 $5 bxa6 11. Rc1 $11) 10... Bf5 $146 (10... Nc7 $11) ({Predecessor:} 10... Nc7 11. a4 Re8 12. O-O Ne4 13. Rc1 b6 14. Bh2 Bb7 15. Bc4 a6 16. Nxe4 Rxe4 {0-1 (33) Le,Q (2709)-Fier,A (2560) Chess.com INT 2020}) 11. g4 $14 Bc8 12. Nd2 $1 Nc7 13. Nc4 b5 14. Nxd6 b4 15. Nce4 (15. Nxc8 bxc3 16. d6 Qxc8 $17) 15... Nfxd5 ({Better is} 15... Nxe4 $14 16. Nxe4 Bb7) 16. Bg5 $16 (16. Nxc5 Bxb2 17. Nce4 Nxf4 18. exf4 Qe7 $17) 16... Qd7 17. Rc1 $1 f5 (17... Be5 $16) 18. Nxc8 (18. Rxc5 $6 fxe4 19. Rxd5 Nxd5 20. Qxd5+ Kh8 $16) (18. gxf5 $1 $18 gxf5 19. Nxc8 (19. Rxc5 fxe4 20. Rxd5 Nxd5 $11) 19... Raxc8 20. Nxc5) 18... Raxc8 19. Nxc5 Qf7 20. Nd3 Ne6 21. Rxc8 Rxc8 22. Bh4 f4 23. Bf3 Nb6 24. Nxf4 (24. Nxb4 $2 g5 25. O-O gxh4 $19) ({White should play} 24. exf4 $1 $16 Nxf4 25. Nxf4 Qxf4 26. O-O) 24... Nxf4 $14 25. exf4 Re8+ (25... Qc4 $14) 26. Kf1 $16 Qxa2 (26... Bxb2 $16 27. Qb3 Bc3 28. Qxf7+ Kxf7) 27. Kg2 Qxb2 (27... Qf7 {might work better.}) 28. Re1 $18 Rf8 (28... Rxe1 $142 29. Qxe1 Qb3) 29. Be7 Rxf4 30. Bc5 {[%emt 0:05:48] Inhibits Rd4. A strong pair of Bishops.} Bd4 $2 (30... h6 {keeps fighting.} 31. Qd6 Qf6) 31. Re8+ Kg7 {[%emt 0:00:04] [#]} 32. Re7+ $2 (32. Re2 $1 $18 Qc3 33. Rc2 Qxc5 34. Rxc5 Bxc5 35. Qa1+ Rd4 36. Qxa7+ Nd7 37. Qc7) 32... Kg8 $1 $11 {[%emt 0:03:08] Hoping for ...Qxf2+.} 33. Re8+ $2 (33. Re2 $14 Qc3 34. Re8+ Kg7 35. Re7+ Kg8 36. Bxd4 Qxd4 37. Rxa7) 33... Kg7 $18 {[%emt 0:00:05] [#]} 34. Re7+ $2 ({White must play} 34. Re2 $1 $18 Qc3 35. Rc2) 34... Kf6 $2 (34... Kg8 $1 $11 {and Black is okay.} 35. Re8+) 35. Bxd4+ {[%emt 0:05:58][%mdl 64] Deflection} Qxd4 36. Qe2 Qd6 {[%emt 0:02:56] Against Qe6+} 37. Rxa7 Nc4 38. Qe8 {[%emt 0:00:42] White wants to mate with h4.} Ne5 (38... Rxf3 $142 39. Qf7+ (39. Kxf3 Ne5+ 40. Kg2 Qd5+ 41. Kh2 Qd6 $16) 39... Ke5 40. Qxf3 (40. Qxc4 Rxf2+ 41. Kxf2 Qb6+ 42. Kg2 Qxa7 $11) 40... Qd5) 39. Qh8+ ({Weaker is} 39. Ba8 Rxf2+ 40. Kxf2 Qd4+ 41. Kg2 Qxa7 $17) 39... Kg5 40. h4+ $4 (40. Ra5 $18 {was the only winning move.} Rxf3 41. Rxe5+ Kf4 42. Re1) 40... Kxh4 $19 41. Qxh7+ Kg5 42. Ra5 Rxf3 {[%emt 0:00:59] Chess con chili.} 43. Rxe5+ Qxe5 44. Kxf3 {[%emt 0:00:12][%mdl 4096] Endgame KQ-KQ} Qf4+ (44... b3 $142 45. Qb7 b2) 45. Ke2 Qxg4+ 46. f3 {[%emt 0:00:30] White threatens Qe7+ and mate.} Qc4+ 47. Ke3 Qc5+ 48. Kd3 $2 (48. Ke2 Qe5+ 49. Kd3) 48... Qd5+ $2 (48... b3 {Threatens to win with ...Qc2+.} 49. Qb7 Qc2+ 50. Ke3 Qc3+ 51. Kf2 Qd4+ 52. Kg2 b2) 49. Ke3 Qe5+ 50. Kd3 b3 {[%emt 0:00:29] aiming for ...Qf6.} 51. Qb7 $2 (51. f4+ Qxf4 52. Kc3) 51... b2 $2 (51... Kf4 {( -> ...Qf5+)} 52. Qb4+ Kxf3) 52. Kc2 Kf4 {[%emt 0:00:42] Strongly threatening ...g5.} 53. Kb1 g5 54. Qc6 Kg3 {[%emt 0:01:15] And now ...Qd4 would win.} 55. Qb7 $2 (55. Ka2 $19) 55... Qc3 {[%emt 0:00:24] Black mates.} 56. Ka2 Qc1 57. Qb8+ Kg2 {[%emt 0:00:11] Weighted Error Value: White=0.74/Black=0.72} 0-1

[Event "CCC-GM 2022"]
[Site "Ballerup"]
[Date "2022.05.26"]
[Round "2.3"]
[White "Heimisson, Hilmir Freyr"]
[Black "Olsen, Filip Boe"]
[Result "1-0"]
[ECO "B51"]
[WhiteElo "2323"]
[BlackElo "2407"]
[Annotator "TA"]
[PlyCount "115"]
[EventDate "2022.05.25"]
[EventType "tourn"]
[EventCountry "DEN"]
[SourceTitle "playchess.com"]
[Source "ChessBase"]
[SourceQuality "1"]
[TimeControl "5400+30"]

1. e4 c5 2. Nf3 d6 3. Bb5+ Nd7 4. O-O a6 5. Bd3 Ngf6 6. Re1 {[%emt 0:00:43] B51: Sicilian: Moscow Variation (3 Bb5+) without 3...Bd7.} e6 7. c3 b5 8. Bc2 {[%emt 0:00:08] The position is equal.} Bb7 9. d4 Be7 10. Nbd2 Qc7 11. Nf1 Rc8 12. Bd3 O-O 13. Ng3 Rfe8 14. h3 {[%emt 0:11:18] [#]} Nf8 $146 ({Predecessor:} 14... Nb6 15. Qe2 Nfd7 16. Ng5 h6 17. Nf3 Nf8 18. Nh5 Ng6 19. Nh2 Bf8 20. Ng4 Nd7 {1-0 (57) Hansen,E (2606)-Firouzja,A (2749) Chess.com INT 2021}) 15. Bg5 Ng6 16. Qe2 h6 17. Bd2 Nd7 18. Rad1 Qb6 19. a3 Bc6 20. Be3 Qb7 21. Bb1 Nf6 22. Qd3 a5 23. Nh2 cxd4 24. cxd4 b4 25. Ng4 {[%emt 0:01:23] [#]} (25. axb4 $1 $11 {is more appropriate.} Qxb4 26. Bd2 Qxb2 27. Bxa5) 25... bxa3 (25... Nxg4 $1 $17 26. hxg4 bxa3 27. Qxa3 d5) 26. Nxf6+ $11 Bxf6 27. bxa3 Ba4 28. Rc1 Qb5 29. Ne2 d5 30. Qd2 Be7 31. Nc3 Qb3 (31... Qd7 {feels hotter.} 32. Nxa4 Qxa4 33. Rxc8 Rxc8 34. exd5 exd5 35. Bxh6 Qxa3 36. Bxg6 fxg6 37. Qe2 Kh7) 32. Bc2 (32. Nxa4 {keeps more tension.} Qxa4 33. Rxc8 Rxc8 34. exd5 exd5 35. Bxh6 Qxa3 36. Bxg6 fxg6 37. Qe2) 32... Qxc3 33. Bxa4 Qxd2 34. Bxd2 Rxc1 35. Rxc1 Rd8 36. exd5 ({Not} 36. Bxa5 $2 Ra8 37. exd5 exd5 $19) 36... Rxd5 37. Rc8+ Kh7 38. Be8 Rxd4 39. Bxa5 Bxa3 (39... Ne5 $11) 40. Bxf7 $14 {[%emt 0:00:47] This bishop pair is nice.} Nf8 41. Rc3 Bd6 42. g3 Rd5 43. Bb6 Rf5 44. Be8 {[%emt 0:00:02] White is more active.} Ng6 45. Bc6 {[%emt 0:00:35] Black must now prevent Be4.} Re5 {[%emt 0:00:18] Inhibits Be4.} 46. Ba4 (46. Kf1 $16) 46... Ne7 47. Rf3 Nd5 48. Bd4 Re1+ 49. Kg2 Be5 50. Bc2+ Kg8 51. Bc5 Bf6 {[%emt 0:00:14] [#] ...Rc1 is the strong threat.} 52. Bg6 $1 {[%emt 0:00:32] Strongly threatening Rb3.} Rc1 53. Ra3 {[%emt 0:00:34] Ra8+ would kill now.} Nc7 {[%emt 0:01:20][%mdl 8192] Inhibits Ra8+. This move loses the game for Black.} (53... Ra1 $16 {is a better chance.}) 54. Bd6 $18 {[%emt 0:00:38] White is clearly winning.} Bd8 55. Rf3 Bf6 56. Rb3 {[%emt 0:00:25] Threatening mate with Rb8+.} Na6 {[%emt 0:01:40] Against Rb8+} 57. Rb6 Ra1 58. Rc6 {[%emt 0:00:31] Weighted Error Value: White=0.07 (flawless) /Black=0.25 (precise)} 1-0